 Dungeon Crawl Stone Soup version 0.29-a0-284-gf9362112df (webtiles) character file.

Game seed: 2197110657457667850

28 spaghetti the Caller (level 3, 0/34 (36) HPs)
             Began as a Demonspawn Summoner on Mar 21, 2022.
             Slain by a necrophage (2 damage)
             ... on level 3 of the Dungeon.
             The game lasted 00:03:04 (1069 turns).

spaghetti the Caller (Demonspawn Summoner)          Turns: 1069, Time: 00:03:05

HP:   0/34 (36)     AC: 21    Str:  8    XL:     3   Next: 0%
MP:   5/6           EV:  2    Int: 18    God:
Gold: 78            SH:  0    Dex: 13    Spells: 0/6 levels left

rFire   + . .      SeeInvis .   n - +2 hand axe of Lomas {venom, Fragile rElec rN++ rCorr, axe}
rCold   + . .      Faith    .   (no shield)
rNeg    + + .      Spirit   .   (body armour currently unavailable)
rPois   +          Reflect  .   (helmet currently unavailable)
rElec   +          Harm     .   (cloak currently unavailable)
rCorr   +          Rampage  .   (gloves currently unavailable)
Will    .....      NoTele   +   (boots currently unavailable)
Stlth   ++........              j - amulet of the acrobat
HPRegen 0.11/turn               (no ring)
MPRegen 0.10/turn               (no ring)

@: tree-form, resistant, lightly drained, invisible
A: stationary, stasis, torment immunity, boosted hp, (spiny 1), (demonic touch
1)
a: no special abilities


You were on level 3 of the Dungeon.
You were a tree.
You visited 1 branch of the dungeon, and saw 3 of its levels.

You collected 78 gold pieces.


Innate Abilities, Weirdness & Mutations

You are a tree.
Your roots penetrate the ground, keeping you stationary.
You cannot be teleported.
You are immune to unholy pain and torment.
Your maximum health is greatly increased.
Your equipment is partially melded.
((You are partially covered in sharp spines.))
((Your touch may inflict minor irresistible damage on your foes.))


   Skills:
 - Level 1.7 Dodging
 - Level 1.7 Stealth
 + Level 2.4 Spellcasting
 * Level 4.0 Summonings
 * Level 1.7 Translocations


You couldn't memorise any spells.
You knew the following spells:

 Your Spells              Type           Power      Damage    Failure   Level
a - Summon Small Mammal   Summ           64%        N/A       3%          1
b - Blink                 Tloc           16%        N/A       13%         2
c - Lesser Beckoning      Tloc           8%         N/A       26%         3

Your spell library contained the following spells:

 Spells                   Type           Power      Damage    Failure   Level
 Call Imp                 Summ           16%        N/A       4%          2
 Call Canine Familiar     Summ           16%        N/A       10%         3
 Magic Dart               Conj           8%         1d3       17%         1
 Shock                    Conj/Air       8%         1d3       17%         1
 Summon Guardian Golem    Hex/Summ       9%         N/A       22%         3
 Dazzling Flash           Conj/Hex       4%         N/A       45%         3
 Summon Lightning Spire   Summ/Air       9%         N/A       58%         4
 Manifold Assault         Tloc           8%         N/A       93%         5
 Spellforged Servitor     Conj/Summ      4%         N/A       100%        7

Inventory:

Hand Weapons
 e - a +0 club {mace}
   (You found it on level 1 of the Dungeon)
 g - a +0 dagger {short}
   (You took it off a kobold on level 2 of the Dungeon)
 n - the +2 hand axe of Lomas (weapon) {venom, Fragile rElec rN++ rCorr, axe}
   (You found it on level 3 of the Dungeon)

   It poisons the flesh of those it strikes.
   rElec:     It insulates you from electricity.
   rN:        It greatly protects you from negative energy.
   rCorr:     It protects you from acid and corrosion.
   Fragile:   It will be destroyed if unequipped.
Missiles
 h - 27 stones {throwing}
 o - 2 curare-tipped darts {=fthrowing}
Armour
 a - a +0 robe (melded)
Jewellery
 j - an amulet of the acrobat (around neck)
   (You found it on level 2 of the Dungeon)
Scrolls
 f - a scroll of fear {unknown}
 i - 2 scrolls of immolation {unknown}
 k - 2 scrolls of teleportation {unknown}
 l - a scroll of amnesia {unknown}
Potions
 b - a potion of magic
 m - a potion of lignification {!q}

Dungeon Overview and Level Annotations

Branches:
Dungeon (3/15)

Altars:

...#####+
.........
#........
#J.......
#........
#.....(..
#######J.......
#...♣nlK.......
#.####r......:.
#.# #.........
#.# #.........
#.# #.########
#.# #.# #.# ...
#.# .... #.#
.....


You could see a kobold brigand (can't see you, ally target), a necrophage (can't
see you), an endoplasm, a frilled lizard (can't see you) and a friendly rat
(summoned).


Message History

You see here 2 curare-tipped darts {=fthrowing}.
A necrophage is nearby!
A necrophage is nearby!
o - 2 curare-tipped darts {=fthrowing} Really wield
n - the +2 hand axe of Lomas {venom, Fragile rElec rN++ rCorr, axe}? [Y]es or [N]o only, please.
Really wield
n - the +2 hand axe of Lomas {venom, Fragile rElec rN++ rCorr, axe}?
The +2 hand axe of Lomas {venom, Fragile rElec rN++ rCorr, axe} begins to drip with poison!
n - the +2 hand axe of Lomas (weapon)
{venom, Fragile rElec rN++ rCorr, axe} A kobold brigand comes into view.
It is wielding a +0 club and quivering poisoned darts.
The kobold brigand shouts!
An endoplasm comes into view.
A frilled lizard comes into view. 😎 MP[-1]
You lost 1 mp, and now have 5/6 mp.
The necrophage hits you! You partially resist.
You feel drained.
The kobold brigand throws a poisoned dart.
The poisoned dart hits you!
You are poisoned. 😮 HP[-7] MP[-1]
You now have 23 max hp (-1).
You take 7 damage, and now have 17/23 hp.
MASSIVE DAMAGE!! (PAUSE)
You lost 1 mp, and now have 4/6 mp.
Okay, then.
Okay, then.
You feel very sick.
Your quokka barely misses the necrophage.
Your rat barely misses the necrophage. 😮 HP[-3]
You take 3 damage, and now have 14/23 hp.
The necrophage attacks as you move away!
The necrophage is struck by your spines.
The necrophage misses you.
You feel sick.
Your quokka bites the necrophage.
Your rat barely misses the necrophage. 😮 HP[-2]
You take 2 damage, and now have 12/23 hp.
You feel sick.
Your rat bites the necrophage. 😨 HP[-1]
You take 1 damage, and now have 11/23 hp.
It was a potion of invisibility.
You fade into invisibility!
You feel sick. The necrophage closely misses you.
Your quokka barely misses the necrophage.
Your rat closely misses the necrophage. 😨 HP[-2]
You take 2 damage, and now have 9/23 hp.
It was a potion of resistance.
You feel protected.
You feel sick.
The kobold brigand barely misses your quokka.
The endoplasm hits your quokka but does no damage.
The necrophage is struck by your spines.
The necrophage hits you.
* * * LOW HITPOINT WARNING * * *
Your quokka bites the necrophage.
Your rat closely misses the necrophage. 😨 HP[-3]
You take 3 damage, and now have 6/23 hp.
It was a potion of lignification.
You turn into a tree.
Your +0 robe melds into your body.
Your roots penetrate the ground.
You feel sick.
The kobold brigand hits your quokka but does no damage.
The necrophage hits you.
* * * LOW HITPOINT WARNING * * *
The endoplasm hits your quokka.
Your quokka bites the necrophage but does no damage.
Your rat completely misses the necrophage. 😱 HP[-2]
You now have 34 max hp (+11).
Unknown command.
Okay, then.
You are quite poisoned (4 -> 2).
You are a tree.
You are resistant to the elements.
Your life force is lightly drained.
You are invisible.
Your movement speed is average.
Your attack delay is about 1.3.
Okay, then.
Okay, then.
You aren't carrying any items that you can evoke.
Unknown command.
Okay, then.
You hit the necrophage.
You feel sick.
Your quokka barely misses the necrophage.
The endoplasm closely misses your quokka.
The necrophage hits you but does no damage.
The kobold brigand hits your quokka with a +0 club!
Your quokka dies!
Your quokka's corpse disappears in a puff of smoke!
Your rat misses the necrophage. 😱 HP[-1]
You take 1 damage, and now have 3/34 hp.
Unknown command.
You are mildly poisoned (3 -> 2).
You are a tree.
You are resistant to the elements.
Your life force is lightly drained.
You are invisible.
Your movement speed is average.
Your attack delay is about 1.3.
You closely miss the necrophage.
You feel sick.
You are no longer poisoned.
The kobold brigand hits your rat but does no damage.
The necrophage hits you.
You die...

Skill      XL: |  1 |
---------------+----+-----
Translocations | 1 |  1.7
Dodging        | |  1.7
Stealth        | |  1.7
Spellcasting   | |  2.4
Summonings     | |  4.0

Action                   || total
-------------------------++-------
Melee: Dagger            ||    23
       Unarmed           ||     6
       Hand axe          ||     2
 Cast: Summon Small Mamm ||    17
  Use: Potion            ||     3
 Stab: Sleeping          ||     2
Armor: Robe              ||     9
       Skin              ||     1
Dodge: Dodged            ||    48

Levels and vault maps discovered:
D:1:      dpeg_arrival_more_subterranean_lakeside_camping, layout_basic,
          ebering_ecumenical_altar_box
D:2:      layout_basic
D:3:      layout_basic, minivault_25, corexii_leaking_fountain

Notes
Turn   | Place    | Note
-------+----------+-------------------------------------------
     0 | D:1      | spaghetti the Demonspawn Summoner began the quest for the
                  | Orb.
     0 | D:1      | Reached XP level 1. HP: 13/13 MP: 3/3
     0 | D:1      | magus.rc [v1.9.6]
     3 | D:1      | You pick up a book of Spatial Translocations and begin
                  | reading...
     3 | D:1      | You add the spells Blink, Lesser Beckoning and Manifold
                  | Assault to your library.
    49 | D:1      | HP: 3/13 [giant cockroach (1)]
    54 | D:1      | HP: 2/13 [giant cockroach (1)]
   452 | D:2      | Reached skill level 1 in Translocations
   469 | D:2      | You add the spells Shock, Magic Dart, Dazzling Flash and
                  | Spellforged Servitor to your library.
   469 | D:2      | Got the Catalogue of Conjuration {@e2}
   499 | D:2      | Gained mutation: You are partially covered in sharp spines.
                  | [demonic ancestry]
   499 | D:2      | Reached XP level 2. HP: 16/19 MP: 1/5
   844 | D:2      | Gained mutation: Your touch may inflict minor irresistible
                  | damage on your foes. [demonic ancestry]
   844 | D:2      | Reached XP level 3. HP: 23/24 MP: 3/6
   847 | D:2      | Learned a level 2 spell: Blink
   851 | D:2      | Learned a level 3 spell: Lesser Beckoning
  1047 | D:3      | Identified the +2 hand axe of Lomas {venom, Fragile rElec
                  | rN++ rCorr}
  1055 | D:3      | Noticed a necrophage
  1058 | D:3      | Noticed a kobold brigand
  1067 | D:3      | HP: 8/34 [poisoned by a kobold brigand]
  1068 | D:3      | HP: 3/34 [poisoned by a kobold brigand]
  1069 | D:3      | Slain by a necrophage

Vanquished Creatures
  An adder (D:2)
  2 ball pythons (D:2)
  An endoplasm (D:2)
  A giant cockroach (D:2)
  A goblin (D:2)
  2 hobgoblins (D:2)
  A quokka (D:2)
9 creatures vanquished.

Vanquished Creatures (collateral kills)
  3 bats
  An endoplasm (D:2)
  A giant cockroach (D:1)
  A goblin (D:2)
  A kobold (D:2)
  A rat (D:1)
8 creatures vanquished.

Grand Total: 17 creatures vanquished

Table legend:
 A = Non-vault XP
 B = Vault XP
 C = Vault XP percentage of total XP
 D = Non-vault monster count
 E = Vault monster count
 F = Vault count percentage of total count
                 A         B        C        D         E       F
            +---------+---------+-------+---------+---------+-------
      Total |      41 |       0 |   0.0 |      17 |       0 |   0.0
            +---------+---------+-------+---------+---------+-------
        D:1 |       4 |       0 |   0.0 |       3 |       0 |   0.0
        D:2 |      37 |       0 |   0.0 |      14 |       0 |   0.0
            +---------+---------+-------+---------+---------+-------

Illustrated notes

Table legend:
 A = Kills in this place as a percentage of kills in entire the game.
 B = Kills by you in this place as a percentage of kills by you in the entire game.
 C = Kills by friends in this place as a percentage of kills by friends in the entire game.
 D = Other kills in this place as a percentage of other kills in the entire game.
 E = Experience gained in this place as a percentage of experience gained in the entire game.
 F = Experience gained in this place divided by the number of levels of this place that you have seen.
                   A       B       C       D       E      F
               +-------+-------+-------+-------+-------+----------------------
         Total | 100.0 | 100.0 | 100.0 |   N/A | 100.0 |  13.7
       Dungeon | 100.0 | 100.0 | 100.0 |   N/A | 100.0 |  13.7
               +-------+-------+-------+-------+-------+----------------------

Table legend: (Time is in decaauts)
 A = Elapsed time spent in this place.
 B = Non-inter-level travel time spent in this place.
 C = Inter-level travel time spent in this place.
 D = Time resting spent in this place.
 E = Time spent auto-exploring this place.
 F = Levels seen in this place.
 G = Mean time per level.
                   A        B        C        D        E       F      G
               +--------+--------+--------+--------+--------+-----+--------+
         Total |   1069 |   1037 |     32 |    267 |    580 |   3 |  356.3 |
       Dungeon |   1069 |   1037 |     32 |    267 |    580 |   3 |  356.3 |
               +--------+--------+--------+--------+--------+-----+--------+

Top non-repeatable levels by time:
     D:2: 971 daAuts
     D:1: 57 daAuts
     D:3: 40 daAuts
